Predators vs Kings

Created - November-09-14 at 10:32

Goals
1 2 3 T
Predators 1 2 1 4
Kings 0 2 1 3
Shots
1 2 3 T
Predators 12 9 13 34
Kings 4 12 8 24

1st period

1. Predators , Roman Josi 5 (Valtteri Filppula, Artem Anisimov) at 15:53

Penalties :
No Penalty

2nd period

2. Kings , Tyler Myers 2 (Kris Letang, Mike Richards) at 6:07 (PP)
3. Predators , Zach Bogosian 1 (Patrik Berglund, Valtteri Filppula) at 6:41
4. Predators , Valtteri Filppula 6 (Roman Josi, Artem Anisimov) at 11:20
5. Kings , Dustin Penner 4 (Dennis Seidenberg) at 19:18

Penalties :
Zach Bogosian (NSH) for Slashing (Minor) at 4:18, Nikita Zadorov (NSH) for Slashing (Minor) at 7:56, Jordie Benn (NSH) for Roughing (Minor) at 8:09, Steven Stamkos (NSH) for Hooking (Minor) at 16:20

3rd period

6. Predators , Valtteri Filppula 7 (Nikita Zadorov) at 0:56
7. Kings , Michal Handzus 2 (Kris Letang, Mike Richards) at 11:18 (PP)

Penalties :
T.J. Oshie (NSH) for Roughing (Minor) at 6:51, Patrik Berglund (NSH) for Cross-checking (Minor) at 9:32, Tyler Myers (LOS) for Tripping (Minor) at 16:11

Goalie Stats

Anton Khudobin (NSH), 21 saves from 24 shots - (0.875), W, 8-4-0, 60:00 minutes
Steve Mason (LOS), 30 saves from 34 shots - (0.882), L, 5-7-0, 59:36 minutes

Players Stats for Predators

Player Name              G  A  P  +/- PIM S  H  SB GA TA FO     MP     PP MP  PK MP  
------------------------------------------------------------------------------------
Anton Stralman           0  0  0   2  0   0  2  0  0  0  0/0    16:43   0:49   0:09 
Artem Anisimov           0  2  2   3  0   0  0  0  0  0  1/1    14:52   0:49   1:44 
Casey Cizikas            0  0  0   0  0   1  1  1  0  0  9/16   10:41   0:00   6:39 
Cody Franson             0  0  0   0  0   1  0  0  0  0  0/0     4:44   1:10   0:00 
Derick Brassard          0  0  0   0  0   3  0  0  0  0  0/0    15:07   0:00   0:00 
Jaden Schwartz           0  0  0   0  0   1  0  0  0  0  0/1    18:20   0:49   1:12 
Jordie Benn              0  0  0   0  2   4  1  1  0  0  0/0    16:27   0:00   4:05 
Justin Abdelkader        0  0  0   0  0   0  0  0  0  0  0/0     7:02   0:00   2:31 
Max Pacioretty           0  0  0   0  0   4  0  0  0  0  1/1    17:29   1:10   0:00 
Nicklas Backstrom        0  0  0   0  0   2  2  0  0  0  17/27  17:58   1:10   0:00 
Nikita Zadorov           0  1  1   1  2   0  2  1  0  0  0/0    19:55   0:00   3:50 
Patrik Berglund          0  1  1   3  2   3  2  0  0  0  0/1    12:27   0:00   0:09 
Roman Josi               1  1  2   2  0   1  0  1  0  0  0/0    23:38   1:10   2:40 
Steven Stamkos           0  0  0   0  2   4  2  0  0  0  9/17   16:16   1:10   0:00 
T.J. Oshie               0  0  0   0  2   3  1  0  0  0  0/1    19:43   0:49   3:19 
Valtteri Filppula        2  2  4   3  0   4  1  0  0  0  12/18  19:20   0:49   2:10 
Zach Bogosian            1  0  1   1  2   2  1  2  0  0  0/0    19:47   0:00   3:13 
Zbynek Michalek          0  0  0   0  0   1  0  2  0  0  0/0    17:54   0:00   5:32 

Players Stats for Kings

Player Name              G  A  P  +/- PIM S  H  SB GA TA FO     MP     PP MP  PK MP  
------------------------------------------------------------------------------------
Blair Jones              0  0  0   0  0   1  1  0  0  0  0/0    11:07   0:10   0:07 
Brian Gionta             0  0  0  -3  0   1  0  1  0  0  0/0    14:34   0:00   0:00 
Colin Wilson             0  0  0  -3  0   1  0  1  0  0  0/1    19:30   4:56   0:00 
Dennis Seidenberg        0  1  1   1  0   2  1  2  0  0  0/0    24:31   4:24   1:13 
Deryk Engelland          0  0  0   0  0   0  0  0  0  0  0/0     0:00   0:00   0:00 
Dustin Penner            1  0  1   1  0   1  1  0  0  0  0/0    12:04   4:56   0:00 
J.T. Brown               0  0  0   0  0   0  0  0  0  0  1/2    10:20   0:00   0:00 
Jamie McBain             0  0  0  -3  0   1  0  0  0  0  0/0    18:18   2:51   0:46 
Kris Letang              0  2  2   0  0   4  1  0  0  0  0/0    23:53   6:20   1:00 
Michal Handzus           1  0  1   0  0   1  1  1  0  0  9/22   16:35   4:49   1:26 
Mikael Granlund          0  0  0  -3  0   2  2  1  0  0  9/24   19:30   4:56   0:00 
Mike Richards            0  2  2  -1  0   1  2  0  0  0  1/2    22:36   4:49   1:33 
Mikhail Grabovski        0  0  0   1  0   1  0  0  0  0  3/10    7:34   0:00   0:26 
Robyn Regehr             0  0  0  -3  0   0  4  1  0  0  0/0    14:41   0:00   0:00 
Ryan Nugent-Hopkins      0  0  0   0  0   2  2  0  0  0  10/21  22:52   0:00   0:00 
Sean Monahan             0  0  0  -1  0   0  2  1  0  0  1/1    21:19   4:39   0:26 
Tobias Enstrom           0  0  0   0  0   2  0  1  0  0  0/0    18:45   0:44   0:59 
Tyler Myers              1  0  1  -1  2   4  2  1  0  0  0/0    19:51   5:11   0:00 

3 Stars

1 - Valtteri Filppula (NSH)
2 - Roman Josi (NSH)
3 - Artem Anisimov (NSH)

Power Play

Predators - 0 on 1 Attempt(s) - 0.00%
Kings - 2 on 6 Attempt(s) - 33.33%

Penalty Kill

Predators - 4 on 6 Attempt(s) - 66.67% - Score 0 goal in Penalty Kill
Kings - 1 on 1 Attempt(s) - 100.00% - Score 0 goal in Penalty Kill

Official

Referees : Trent Knorr and Steve Kozari
Linesman : Scott Driscoll and Brian Murphy

Game Notes

No Game Note

Finance

Level 1 -- Attendance: 6500 (100.00%) -- Ticket Income $481,000
Level 2 -- Attendance: 4558 (91.16%) -- Ticket Income $278,038
Level 3 -- Attendance: 3500 (100.00%) -- Ticket Income $136,500
Level 4 -- Attendance: 2118 (100.00%) -- Ticket Income $72,012
Luxury Box -- Attendance: 908 (90.80%) -- Ticket Income $167,980
Game was played at the Staples Center
Total Attendance: 17584 (97.05%)
Total Ticket Income: $1,135,530
Other Income: $170,330
Total Income: $1,305,860

% Time on Ice - Predators

Lines # - Real PCT - Wanted PCT - Time Play
Normal Forward
1 - 34% - 34% - 16:19
2 - 32% - 31% - 15:07
3 - 26% - 27% - 12:19
4 - 8% - 8% - 4:02
Normal Defense
1 - 33% - 33% - 15:45
2 - 34% - 32% - 16:06
3 - 26% - 25% - 12:22
4 - 7% - 10% - 3:34
PP Forward
1 - 59% - 60% - 1:10
2 - 41% - 40% - 0:49
PP Defense
1 - 59% - 60% - 1:10
2 - 41% - 40% - 0:49
PK Forward
1 - 78% - 60% - 6:15
2 - 22% - 40% - 1:44
PK Defense
1 - 52% - 60% - 4:09
2 - 48% - 40% - 3:50
PK3 Forward
1 - 92% - 60% - 1:37
2 - 8% - 40% - 0:09
PK3 Defense
1 - 8% - 60% - 0:09
2 - 92% - 40% - 1:37
44 Forward
1 - 0% - 60%
2 - 0% - 40%
44 Defense
1 - 0% - 60%
2 - 0% - 40%
Last Minute Offensive  - 0:00
Last Minute Defensive  - 0:29
Total
Forward - 60:00
Defense - 60:00

% Time on Ice - Kings

Lines # - Real PCT - Wanted PCT - Time Play
Normal Forward
1 - 33% - 40% - 15:27
2 - 31% - 30% - 14:34
3 - 15% - 20% - 7:08
4 - 22% - 10% - 10:20
Normal Defense
1 - 33% - 40% - 15:46
2 - 29% - 30% - 13:54
3 - 31% - 20% - 14:41
4 - 7% - 10% - 3:08
PP Forward
1 - 49% - 60% - 4:49
2 - 51% - 40% - 4:56
PP Defense
1 - 47% - 60% - 4:34
2 - 53% - 40% - 5:11
PK Forward
1 - 78% - 60% - 1:33
2 - 22% - 40% - 0:26
PK Defense
1 - 50% - 60% - 1:00
2 - 50% - 40% - 0:59
PK3 Forward
1 - 0% - 60%
2 - 0% - 40%
PK3 Defense
1 - 0% - 60%
2 - 0% - 40%
44 Forward
1 - 0% - 60%
2 - 0% - 40%
44 Defense
1 - 0% - 60%
2 - 0% - 40%
Last Minute Offensive  - 0:47
Last Minute Defensive  - 0:00
Total
Forward - 60:00
Defense - 60:00

Play by Play

1st period


0:01 of 1st period - Nicklas Backstrom wins face-off versus Ryan Nugent-Hopkins in neutral zone.
0:08 of 1st period - Shot by Max Pacioretty.
0:08 of 1st period - Stopped by Steve Mason without a rebound.
0:09 of 1st period - Steven Stamkos wins face-off versus Mikael Granlund in Kings zone.
0:20 of 1st period - Shot by Steven Stamkos.
0:20 of 1st period - Stopped by Steve Mason without a rebound.
0:21 of 1st period - Valtteri Filppula wins face-off versus Mikhail Grabovski in Kings zone.
0:21 of 1st period - Jordie Benn is hit by Robyn Regehr and loses puck.
0:47 of 1st period - Icing by Robyn Regehr.
0:48 of 1st period - Mikhail Grabovski wins face-off versus Nicklas Backstrom in Kings zone.
0:53 of 1st period - Shot by Mikhail Grabovski.
0:53 of 1st period - Stopped by Anton Khudobin with a rebound.
1:29 of 1st period - Shot by Nicklas Backstrom.
1:29 of 1st period - Stopped by Steve Mason without a rebound.
1:30 of 1st period - Steven Stamkos wins face-off versus Mikael Granlund in Kings zone.
1:30 of 1st period - Steven Stamkos is hit by Kris Letang.
1:54 of 1st period - Off-side.
1:55 of 1st period - Casey Cizikas wins face-off versus Michal Handzus in neutral zone.
2:01 of 1st period - Icing by Tyler Myers.
2:02 of 1st period - Valtteri Filppula wins face-off versus Michal Handzus in Kings zone.
2:56 of 1st period - Tobias Enstrom is hit by T.J. Oshie and loses puck.
3:31 of 1st period - Dennis Seidenberg is hit by Zach Bogosian and loses puck.
4:12 of 1st period - Icing by Dennis Seidenberg.
4:13 of 1st period - Ryan Nugent-Hopkins wins face-off versus Nicklas Backstrom in Kings zone.
5:12 of 1st period - Shot by Mikael Granlund.
5:12 of 1st period - Shot Blocked by Zbynek Michalek.
5:18 of 1st period - Robyn Regehr is hit by Casey Cizikas and loses puck.
5:35 of 1st period - Shot by Valtteri Filppula.
5:35 of 1st period - Shot Misses the Net.
5:37 of 1st period - Shot by Valtteri Filppula.
5:37 of 1st period - Shot Misses the Net.
5:39 of 1st period - Shot by Casey Cizikas.
5:39 of 1st period - Stopped by Steve Mason without a rebound.
5:40 of 1st period - Michal Handzus wins face-off versus Valtteri Filppula in Kings zone.
5:50 of 1st period - Off-side.
5:51 of 1st period - Mikhail Grabovski wins face-off versus Steven Stamkos in neutral zone.
5:59 of 1st period - Shot by Tyler Myers.
5:59 of 1st period - Stopped by Anton Khudobin without a rebound.
6:00 of 1st period - J.T. Brown wins face-off versus Nicklas Backstrom in Predators zone.
6:15 of 1st period - Max Pacioretty is hit by Blair Jones and loses puck.
6:21 of 1st period - Icing by Zbynek Michalek.
6:22 of 1st period - Nicklas Backstrom wins face-off versus Ryan Nugent-Hopkins in Predators zone.
6:33 of 1st period - Shot by Ryan Nugent-Hopkins.
6:33 of 1st period - Shot Misses the Net.
8:19 of 1st period - Icing by J.T. Brown.
8:20 of 1st period - Steven Stamkos wins face-off versus Michal Handzus in Kings zone.
8:37 of 1st period - Shot by Nikita Zadorov.
8:37 of 1st period - Shot Misses the Net.
9:02 of 1st period - Shot by Derick Brassard.
9:02 of 1st period - Stopped by Steve Mason without a rebound.
9:03 of 1st period - Ryan Nugent-Hopkins wins face-off versus Jaden Schwartz in Kings zone.
9:05 of 1st period - Icing by Mike Richards.
9:06 of 1st period - Nicklas Backstrom wins face-off versus Ryan Nugent-Hopkins in Kings zone.
9:09 of 1st period - Shot by Max Pacioretty.
9:09 of 1st period - Shot Blocked by Dennis Seidenberg.
9:20 of 1st period - Kris Letang is hit by Jordie Benn and loses puck.
9:34 of 1st period - Icing by Kris Letang.
9:35 of 1st period - Ryan Nugent-Hopkins wins face-off versus Steven Stamkos in Kings zone.
9:50 of 1st period - Shot by Sean Monahan.
9:50 of 1st period - Deflect By Ryan Nugent-Hopkins.
9:50 of 1st period - Shot Misses the Net.
10:17 of 1st period - Shot by Steven Stamkos.
10:17 of 1st period - Stopped by Steve Mason without a rebound.
10:18 of 1st period - Nicklas Backstrom wins face-off versus Mikael Granlund in Kings zone.
10:51 of 1st period - Shot by Max Pacioretty.
10:51 of 1st period - Shot Blocked by Mikael Granlund.
11:24 of 1st period - Shot by Mikhail Grabovski.
11:24 of 1st period - Shot Misses the Net.
11:27 of 1st period - Icing by Nikita Zadorov.
11:28 of 1st period - Nicklas Backstrom wins face-off versus J.T. Brown in Predators zone.
11:43 of 1st period - Shot by Artem Anisimov.
11:43 of 1st period - Shot Misses the Net.
11:45 of 1st period - Shot by Valtteri Filppula.
11:45 of 1st period - Stopped by Steve Mason with a rebound.
12:17 of 1st period - Shot by Patrik Berglund.
12:17 of 1st period - Stopped by Steve Mason with a rebound.
14:06 of 1st period - Mikael Granlund is hit by Nicklas Backstrom and loses puck.
14:23 of 1st period - Shot by Zach Bogosian.
14:23 of 1st period - Stopped by Steve Mason with a rebound.
14:25 of 1st period - Shot by Jaden Schwartz.
14:25 of 1st period - Stopped by Steve Mason with a rebound.
14:38 of 1st period - Shot by Jaden Schwartz.
14:38 of 1st period - Deflect By Max Pacioretty.
14:38 of 1st period - Shot Misses the Net.
14:40 of 1st period - Shot by Max Pacioretty.
14:40 of 1st period - Shot Misses the Net.
14:42 of 1st period - Shot by Nikita Zadorov.
14:42 of 1st period - Shot Blocked by Colin Wilson.
15:47 of 1st period - Shot by Valtteri Filppula.
15:47 of 1st period - Shot Misses the Net.
15:49 of 1st period - Shot by Artem Anisimov.
15:49 of 1st period - Shot Misses the Net.
15:51 of 1st period - Shot by Artem Anisimov.
15:51 of 1st period - Deflect By Valtteri Filppula.
15:51 of 1st period - Shot Misses the Net.
15:53 of 1st period - Shot by Roman Josi.
15:53 of 1st period - Goal by Roman Josi - Predators : 1 - Kings : 0.
15:54 of 1st period - Nicklas Backstrom wins face-off versus Ryan Nugent-Hopkins in neutral zone.
16:00 of 1st period - Jaden Schwartz is hit by Dennis Seidenberg and loses puck.
16:13 of 1st period - Shot by Nicklas Backstrom.
16:13 of 1st period - Stopped by Steve Mason without a rebound.
16:14 of 1st period - Michal Handzus wins face-off versus Valtteri Filppula in Kings zone.
16:23 of 1st period - Shot by Valtteri Filppula.
16:23 of 1st period - Shot Misses the Net.
16:25 of 1st period - Shot by Valtteri Filppula.
16:25 of 1st period - Shot Blocked by Dennis Seidenberg.
17:27 of 1st period - Shot by Steven Stamkos.
17:27 of 1st period - Shot Misses the Net.
18:05 of 1st period - Shot by Nicklas Backstrom.
18:05 of 1st period - Shot Misses the Net.
18:25 of 1st period - Shot by Kris Letang.
18:25 of 1st period - Stopped by Anton Khudobin without a rebound.
18:26 of 1st period - Valtteri Filppula wins face-off versus Mikhail Grabovski in Predators zone.
18:31 of 1st period - Shot by Patrik Berglund.
18:31 of 1st period - Shot Misses the Net.
19:09 of 1st period - Icing by Kris Letang.
19:10 of 1st period - Nicklas Backstrom wins face-off versus Mikhail Grabovski in Kings zone.
19:35 of 1st period - Colin Wilson is hit by Nikita Zadorov and loses puck.
19:46 of 1st period - Shot by Colin Wilson.
19:46 of 1st period - Stopped by Anton Khudobin without a rebound.
19:47 of 1st period - Michal Handzus wins face-off versus Steven Stamkos in Predators zone.
Goals for this period are 1 for Predators vs 0 for Kings.
Shots for this period are 12 for Predators vs 4 for Kings.

2nd period


0:01 of 2nd period - Ryan Nugent-Hopkins wins face-off versus Casey Cizikas in neutral zone.
0:06 of 2nd period - Shot by Sean Monahan.
0:06 of 2nd period - Shot Misses the Net.
0:22 of 2nd period - Icing by Cody Franson.
0:23 of 2nd period - Mikael Granlund wins face-off versus Casey Cizikas in Predators zone.
0:41 of 2nd period - Shot by Mikael Granlund.
0:41 of 2nd period - Stopped by Anton Khudobin without a rebound.
0:42 of 2nd period - Ryan Nugent-Hopkins wins face-off versus Steven Stamkos in Predators zone.
1:25 of 2nd period - Shot by T.J. Oshie.
1:25 of 2nd period - Stopped by Steve Mason without a rebound.
1:26 of 2nd period - Nicklas Backstrom wins face-off versus Mikael Granlund in Kings zone.
1:26 of 2nd period - Nicklas Backstrom is hit by Robyn Regehr.
2:08 of 2nd period - Shot by Brian Gionta.
2:08 of 2nd period - Stopped by Anton Khudobin without a rebound.
2:09 of 2nd period - Valtteri Filppula wins face-off versus Mikhail Grabovski in Predators zone.
2:24 of 2nd period - Zbynek Michalek is hit by Dustin Penner and loses puck.
2:43 of 2nd period - Shot by Mikhail Grabovski.
2:43 of 2nd period - Shot Misses the Net.
3:08 of 2nd period - Icing by Artem Anisimov.
3:09 of 2nd period - Valtteri Filppula wins face-off versus Mikael Granlund in Predators zone.
4:04 of 2nd period - Robyn Regehr is hit by Steven Stamkos and loses puck.
4:08 of 2nd period - Icing by Robyn Regehr.
4:09 of 2nd period - Michal Handzus wins face-off versus Nicklas Backstrom in Kings zone.
4:09 of 2nd period - Michal Handzus is hit by Nicklas Backstrom.
4:18 of 2nd period - Minor Penalty to Zach Bogosian for Slashing.
4:19 of 2nd period - Michal Handzus wins face-off versus T.J. Oshie in Predators zone.
5:28 of 2nd period - Off-side.
5:29 of 2nd period - Mikael Granlund wins face-off versus Casey Cizikas in neutral zone.
5:40 of 2nd period - Shot by Kris Letang.
5:40 of 2nd period - Shot Blocked by Casey Cizikas.
5:42 of 2nd period - Shot by Colin Wilson.
5:42 of 2nd period - Shot Blocked by Roman Josi.
5:44 of 2nd period - Shot by Kris Letang.
5:44 of 2nd period - Stopped by Anton Khudobin without a rebound.
5:45 of 2nd period - Michal Handzus wins face-off versus Casey Cizikas in Predators zone.
5:46 of 2nd period - Shot by Kris Letang.
5:46 of 2nd period - Stopped by Anton Khudobin without a rebound.
5:47 of 2nd period - Casey Cizikas wins face-off versus Michal Handzus in Predators zone.
5:47 of 2nd period - Casey Cizikas is hit by Michal Handzus.
6:01 of 2nd period - Shot by Sean Monahan.
6:01 of 2nd period - Shot Blocked by Jordie Benn.
6:07 of 2nd period - Shot by Tyler Myers.
6:07 of 2nd period - Goal by Tyler Myers - Predators : 1 - Kings : 1.
6:08 of 2nd period - Nicklas Backstrom wins face-off versus Mikhail Grabovski in neutral zone.
6:33 of 2nd period - Shot by Ryan Nugent-Hopkins.
6:33 of 2nd period - Stopped by Anton Khudobin without a rebound.
6:34 of 2nd period - Valtteri Filppula wins face-off versus Mikael Granlund in Predators zone.
6:41 of 2nd period - Shot by Zach Bogosian.
6:41 of 2nd period - Goal by Zach Bogosian - Predators : 2 - Kings : 1.
6:42 of 2nd period - Ryan Nugent-Hopkins wins face-off versus Steven Stamkos in neutral zone.
7:17 of 2nd period - Shot by Mike Richards.
7:17 of 2nd period - Stopped by Anton Khudobin with a rebound.
7:56 of 2nd period - Minor Penalty to Nikita Zadorov for Slashing.
7:57 of 2nd period - Casey Cizikas wins face-off versus Mikael Granlund in Predators zone.
8:09 of 2nd period - Minor Penalty to Jordie Benn for Roughing.
8:10 of 2nd period - Michal Handzus wins face-off versus Casey Cizikas in Predators zone.
8:31 of 2nd period - Shot by Kris Letang.
8:31 of 2nd period - Stopped by Anton Khudobin without a rebound.
8:32 of 2nd period - Casey Cizikas wins face-off versus Mikael Granlund in Predators zone.
8:41 of 2nd period - Shot by Tyler Myers.
8:41 of 2nd period - Stopped by Anton Khudobin with a rebound.
8:49 of 2nd period - Shot by Tyler Myers.
8:49 of 2nd period - Shot Misses the Net.
8:51 of 2nd period - Shot by Kris Letang.
8:51 of 2nd period - Deflect By Mikael Granlund.
8:51 of 2nd period - Shot Misses the Net.
8:53 of 2nd period - Shot by Tyler Myers.
8:53 of 2nd period - Shot Misses the Net.
9:44 of 2nd period - Shot by Jamie McBain.
9:44 of 2nd period - Shot Misses the Net.
9:46 of 2nd period - Shot by Dennis Seidenberg.
9:46 of 2nd period - Stopped by Anton Khudobin without a rebound.
9:47 of 2nd period - Mikael Granlund wins face-off versus Patrik Berglund in Predators zone.
10:21 of 2nd period - Shot by J.T. Brown.
10:21 of 2nd period - Shot Misses the Net.
10:54 of 2nd period - Icing by Tyler Myers.
10:55 of 2nd period - Valtteri Filppula wins face-off versus Michal Handzus in Kings zone.
11:20 of 2nd period - Shot by Valtteri Filppula.
11:20 of 2nd period - Goal by Valtteri Filppula - Predators : 3 - Kings : 1.
11:21 of 2nd period - Steven Stamkos wins face-off versus Ryan Nugent-Hopkins in neutral zone.
11:28 of 2nd period - Shot by Steven Stamkos.
11:28 of 2nd period - Shot Misses the Net.
13:16 of 2nd period - Shot by Patrik Berglund.
13:16 of 2nd period - Stopped by Steve Mason without a rebound.
13:17 of 2nd period - Valtteri Filppula wins face-off versus Michal Handzus in Kings zone.
13:17 of 2nd period - Valtteri Filppula is hit by Tyler Myers.
13:32 of 2nd period - Icing by Anton Stralman.
13:33 of 2nd period - Artem Anisimov wins face-off versus Ryan Nugent-Hopkins in Predators zone.
14:46 of 2nd period - Icing by Michal Handzus.
14:47 of 2nd period - Nicklas Backstrom wins face-off versus Michal Handzus in Kings zone.
14:57 of 2nd period - Shot by Max Pacioretty.
14:57 of 2nd period - Stopped by Steve Mason without a rebound.
14:58 of 2nd period - Steven Stamkos wins face-off versus Mikael Granlund in Kings zone.
15:03 of 2nd period - Shot by Derick Brassard.
15:03 of 2nd period - Stopped by Steve Mason with a rebound.
15:05 of 2nd period - Shot by Steven Stamkos.
15:05 of 2nd period - Shot Blocked by Brian Gionta.
15:07 of 2nd period - Shot by T.J. Oshie.
15:07 of 2nd period - Deflect By Steven Stamkos.
15:07 of 2nd period - Shot Misses the Net.
15:23 of 2nd period - Shot by Steven Stamkos.
15:23 of 2nd period - Stopped by Steve Mason without a rebound.
15:24 of 2nd period - Nicklas Backstrom wins face-off versus Ryan Nugent-Hopkins in Kings zone.
16:20 of 2nd period - Minor Penalty to Steven Stamkos for Hooking.
16:21 of 2nd period - Casey Cizikas wins face-off versus Mikael Granlund in Predators zone.
17:27 of 2nd period - Shot by Dennis Seidenberg.
17:27 of 2nd period - Shot Blocked by Zbynek Michalek.
17:29 of 2nd period - Shot by Michal Handzus.
17:29 of 2nd period - Shot Misses the Net.
17:31 of 2nd period - Shot by Dennis Seidenberg.
17:31 of 2nd period - Stopped by Anton Khudobin with a rebound.
17:55 of 2nd period - Shot by Dustin Penner.
17:55 of 2nd period - Shot Blocked by Zach Bogosian.
18:57 of 2nd period - Shot by Max Pacioretty.
18:57 of 2nd period - Shot Misses the Net.
18:59 of 2nd period - Shot by Roman Josi.
18:59 of 2nd period - Shot Misses the Net.
19:01 of 2nd period - Shot by Jaden Schwartz.
19:01 of 2nd period - Deflect By Max Pacioretty.
19:01 of 2nd period - Shot Misses the Net.
19:03 of 2nd period - Shot by Jaden Schwartz.
19:03 of 2nd period - Deflect By Max Pacioretty.
19:03 of 2nd period - Stopped by Steve Mason without a rebound.
19:04 of 2nd period - Valtteri Filppula wins face-off versus Mikhail Grabovski in Kings zone.
19:11 of 2nd period - Artem Anisimov is hit by Ryan Nugent-Hopkins and loses puck.
19:18 of 2nd period - Shot by Dustin Penner.
19:18 of 2nd period - Goal by Dustin Penner - Predators : 3 - Kings : 2.
19:19 of 2nd period - Sean Monahan wins face-off versus Steven Stamkos in neutral zone.
19:31 of 2nd period - Icing by Zbynek Michalek.
19:32 of 2nd period - Steven Stamkos wins face-off versus Mikael Granlund in Predators zone.
19:32 of 2nd period - Steven Stamkos is hit by Mikael Granlund.
19:54 of 2nd period - Shot by Steven Stamkos.
19:54 of 2nd period - Deflect By T.J. Oshie.
19:54 of 2nd period - Shot Blocked by Tyler Myers.
19:56 of 2nd period - Shot by Jordie Benn.
19:56 of 2nd period - Stopped by Steve Mason without a rebound.
19:57 of 2nd period - Nicklas Backstrom wins face-off versus Mike Richards in Kings zone.
Goals for this period are 2 for Predators vs 2 for Kings.
Shots for this period are 9 for Predators vs 12 for Kings.

3rd period


0:01 of 3rd period - Nicklas Backstrom wins face-off versus Ryan Nugent-Hopkins in neutral zone.
0:24 of 3rd period - Shot by Max Pacioretty.
0:24 of 3rd period - Shot Misses the Net.
0:26 of 3rd period - Shot by Jaden Schwartz.
0:26 of 3rd period - Shot Misses the Net.
0:30 of 3rd period - Shot by Max Pacioretty.
0:30 of 3rd period - Shot Misses the Net.
0:36 of 3rd period - Shot by Max Pacioretty.
0:36 of 3rd period - Stopped by Steve Mason without a rebound.
0:37 of 3rd period - Valtteri Filppula wins face-off versus Colin Wilson in Kings zone.
0:56 of 3rd period - Shot by Valtteri Filppula.
0:56 of 3rd period - Goal by Valtteri Filppula - Predators : 4 - Kings : 2.
0:57 of 3rd period - Mikhail Grabovski wins face-off versus Steven Stamkos in neutral zone.
1:08 of 3rd period - Shot by Dustin Penner.
1:08 of 3rd period - Shot Misses the Net.
1:21 of 3rd period - Icing by Steven Stamkos.
1:22 of 3rd period - Mikael Granlund wins face-off versus Steven Stamkos in Predators zone.
1:26 of 3rd period - Icing by Jordie Benn.
1:27 of 3rd period - Steven Stamkos wins face-off versus Mikael Granlund in Predators zone.
1:41 of 3rd period - Shot by Mikael Granlund.
1:41 of 3rd period - Stopped by Anton Khudobin without a rebound.
1:42 of 3rd period - Max Pacioretty wins face-off versus Ryan Nugent-Hopkins in Predators zone.
1:44 of 3rd period - Nicklas Backstrom is hit by Ryan Nugent-Hopkins and loses puck.
2:07 of 3rd period - Shot by Mike Richards.
2:07 of 3rd period - Shot Misses the Net.
2:09 of 3rd period - Shot by Tobias Enstrom.
2:09 of 3rd period - Shot Misses the Net.
2:11 of 3rd period - Shot by Mike Richards.
2:11 of 3rd period - Shot Misses the Net.
2:13 of 3rd period - Shot by Ryan Nugent-Hopkins.
2:13 of 3rd period - Shot Blocked by Nikita Zadorov.
2:15 of 3rd period - Shot by Tobias Enstrom.
2:15 of 3rd period - Stopped by Anton Khudobin without a rebound.
2:16 of 3rd period - Mikael Granlund wins face-off versus Valtteri Filppula in Predators zone.
2:16 of 3rd period - Mikael Granlund is hit by Anton Stralman.
2:52 of 3rd period - Shot by Artem Anisimov.
2:52 of 3rd period - Shot Misses the Net.
2:55 of 3rd period - Icing by Colin Wilson.
2:56 of 3rd period - Nicklas Backstrom wins face-off versus Mikael Granlund in Kings zone.
4:30 of 3rd period - Steven Stamkos is hit by Robyn Regehr and loses puck.
4:56 of 3rd period - Icing by Jamie McBain.
4:57 of 3rd period - Valtteri Filppula wins face-off versus Michal Handzus in Kings zone.
5:08 of 3rd period - Shot by Jordie Benn.
5:08 of 3rd period - Stopped by Steve Mason with a rebound.
5:10 of 3rd period - Shot by Patrik Berglund.
5:10 of 3rd period - Shot Blocked by Michal Handzus.
5:12 of 3rd period - Shot by Patrik Berglund.
5:12 of 3rd period - Stopped by Steve Mason without a rebound.
5:13 of 3rd period - Casey Cizikas wins face-off versus Mikael Granlund in Kings zone.
5:20 of 3rd period - Shot by Valtteri Filppula.
5:20 of 3rd period - Stopped by Steve Mason with a rebound.
5:22 of 3rd period - Shot by Casey Cizikas.
5:22 of 3rd period - Deflect By Valtteri Filppula.
5:22 of 3rd period - Shot Misses the Net.
5:24 of 3rd period - Shot by Jordie Benn.
5:24 of 3rd period - Stopped by Steve Mason with a rebound.
5:26 of 3rd period - Shot by Jordie Benn.
5:26 of 3rd period - Stopped by Steve Mason without a rebound.
5:27 of 3rd period - Nicklas Backstrom wins face-off versus Ryan Nugent-Hopkins in Kings zone.
5:55 of 3rd period - Icing by Tyler Myers.
5:56 of 3rd period - Ryan Nugent-Hopkins wins face-off versus Valtteri Filppula in Kings zone.
5:56 of 3rd period - Ryan Nugent-Hopkins is hit by Valtteri Filppula.
6:19 of 3rd period - Shot by Tyler Myers.
6:19 of 3rd period - Stopped by Anton Khudobin with a rebound.
6:27 of 3rd period - Ryan Nugent-Hopkins is hit by Patrik Berglund.
6:42 of 3rd period - Mikael Granlund is hit by Nikita Zadorov.
6:51 of 3rd period - Minor Penalty to T.J. Oshie for Roughing.
6:52 of 3rd period - Casey Cizikas wins face-off versus Mikael Granlund in Predators zone.
6:58 of 3rd period - Off-side.
6:59 of 3rd period - Mikael Granlund wins face-off versus Casey Cizikas in neutral zone.
7:21 of 3rd period - Off-side.
7:22 of 3rd period - Casey Cizikas wins face-off versus Michal Handzus in neutral zone.
7:22 of 3rd period - Casey Cizikas is hit by Mike Richards.
7:43 of 3rd period - Casey Cizikas is hit by Tyler Myers and loses puck.
8:43 of 3rd period - Shot by Jamie McBain.
8:43 of 3rd period - Stopped by Anton Khudobin with a rebound.
9:28 of 3rd period - Shot by T.J. Oshie.
9:28 of 3rd period - Stopped by Steve Mason without a rebound.
9:29 of 3rd period - Mikael Granlund wins face-off versus Valtteri Filppula in Kings zone.
9:31 of 3rd period - Colin Wilson is hit by Patrik Berglund and loses puck.
9:32 of 3rd period - Minor Penalty to Patrik Berglund for Cross-checking.
9:33 of 3rd period - Casey Cizikas wins face-off versus Michal Handzus in Predators zone.
9:33 of 3rd period - Casey Cizikas is hit by Sean Monahan.
10:08 of 3rd period - Casey Cizikas is hit by Sean Monahan.
11:14 of 3rd period - Shot by Kris Letang.
11:14 of 3rd period - Shot Misses the Net.
11:16 of 3rd period - Shot by Michal Handzus.
11:16 of 3rd period - Shot Blocked by Zach Bogosian.
11:18 of 3rd period - Shot by Michal Handzus.
11:18 of 3rd period - Goal by Michal Handzus - Predators : 4 - Kings : 3.
11:19 of 3rd period - Mikael Granlund wins face-off versus Nicklas Backstrom in neutral zone.
11:34 of 3rd period - Colin Wilson is hit by Anton Stralman and loses puck.
11:47 of 3rd period - Roman Josi is hit by Mikael Granlund and loses puck.
12:18 of 3rd period - Shot by Tobias Enstrom.
12:18 of 3rd period - Stopped by Anton Khudobin with a rebound.
13:09 of 3rd period - Shot by T.J. Oshie.
13:09 of 3rd period - Stopped by Steve Mason without a rebound.
13:10 of 3rd period - Ryan Nugent-Hopkins wins face-off versus Valtteri Filppula in Kings zone.
13:17 of 3rd period - Shot by Artem Anisimov.
13:17 of 3rd period - Shot Blocked by Sean Monahan.
13:19 of 3rd period - Shot by Zbynek Michalek.
13:19 of 3rd period - Shot Misses the Net.
14:20 of 3rd period - Shot by T.J. Oshie.
14:20 of 3rd period - Deflect By Steven Stamkos.
14:20 of 3rd period - Stopped by Steve Mason without a rebound.
14:21 of 3rd period - Mikael Granlund wins face-off versus Casey Cizikas in Kings zone.
15:29 of 3rd period - Icing by T.J. Oshie.
15:30 of 3rd period - Steven Stamkos wins face-off versus Michal Handzus in Predators zone.
15:53 of 3rd period - Shot by Blair Jones.
15:53 of 3rd period - Stopped by Anton Khudobin without a rebound.
15:54 of 3rd period - Nicklas Backstrom wins face-off versus Ryan Nugent-Hopkins in Predators zone.
15:54 of 3rd period - Jaden Schwartz is hit by Robyn Regehr and loses puck.
16:04 of 3rd period - Shot by Jaden Schwartz.
16:04 of 3rd period - Deflect By Max Pacioretty.
16:04 of 3rd period - Shot Blocked by Robyn Regehr.
16:06 of 3rd period - Shot by Zbynek Michalek.
16:06 of 3rd period - Stopped by Steve Mason without a rebound.
16:07 of 3rd period - Steven Stamkos wins face-off versus Mikhail Grabovski in Kings zone.
16:11 of 3rd period - Minor Penalty to Tyler Myers for Tripping.
16:12 of 3rd period - Michal Handzus wins face-off versus Nicklas Backstrom in Kings zone.
16:18 of 3rd period - Icing by Steven Stamkos.
16:19 of 3rd period - Nicklas Backstrom wins face-off versus Michal Handzus in Predators zone.
16:19 of 3rd period - Nicklas Backstrom is hit by Mike Richards.
16:30 of 3rd period - Kris Letang is hit by Steven Stamkos and loses puck.
17:00 of 3rd period - Shot by Steven Stamkos.
17:00 of 3rd period - Shot Blocked by Tobias Enstrom.
17:49 of 3rd period - Off-side.
17:50 of 3rd period - Michal Handzus wins face-off versus Nicklas Backstrom in neutral zone.
18:00 of 3rd period - Shot by Cody Franson.
18:00 of 3rd period - Stopped by Steve Mason without a rebound.
18:01 of 3rd period - Valtteri Filppula wins face-off versus Michal Handzus in Kings zone.
19:30 of 3rd period - Shot by Derick Brassard.
19:30 of 3rd period - Stopped by Steve Mason without a rebound.
19:31 of 3rd period - Mike Richards wins face-off versus Nicklas Backstrom in Kings zone.
19:36 of 3rd period - Kings, Steve Mason is pulled from the net.
19:36 of 3rd period - Shot by Ryan Nugent-Hopkins.
19:36 of 3rd period - Stopped by Anton Khudobin without a rebound.
19:37 of 3rd period - Ryan Nugent-Hopkins wins face-off versus Nicklas Backstrom in Predators zone.
19:41 of 3rd period - Icing by Roman Josi.
19:42 of 3rd period - Ryan Nugent-Hopkins wins face-off versus Nicklas Backstrom in Predators zone.
Goals for this period are 1 for Predators vs 1 for Kings.
Shots for this period are 13 for Predators vs 8 for Kings.


Output by the SimonT Hockey Simulator (STHS) for Stephane Roy -- Original Page W3C XHTML 1.0 Valid
Hockey Simulator - Hockey Simulation - Hockey Manager